Unix NetHack Version 5.0.0-0 post-release - last build May 10 2026 23:12:36 (d1fa5d53e341ca933230fdaa984d921c805b60aa,branch:main).

Game began 2026-05-14 07:57:11, ended 2026-05-14 08:09:32.

DiePARTEI, lawful female human Archeologist

                                      ...
                              ...    ....-
                             ............|
                            .............-
                            -..--.0......
                          ----.||.......
                          .@|..|---).|
                          ..G.-   |..|)..
                           .---  --...)....
                             -----..--.....
                            --...... ---...
                            |.......   |..-
                            -....)..----..|
                           |.....).......--
                           |...|..--....-
                           --.----  --..|
                            ---      |.<|
                                      ---
DiePARTEI the Field Worker  St:12 Dx:10 Co:16 In:14 Wi:16 Ch:8  Lawful
Dlvl:4  $:112 HP:0(30) Pw:16(16) AC:2  Xp:3 T:1582  Burdened

Latest messages:
 You hear some noises in the distance.
 You have a sad feeling for a moment, then it passes.
 You start digging.
 You hit the rock with all your might.
 A crossbow bolt misses you.
 You stop digging.
 You are almost hit by a crossbow bolt.
 A crossbow bolt misses you.
 You are almost hit by a crossbow bolt.
 You are hit by a crossbow bolt.
 The grid bug misses!
 A crossbow bolt misses you.
 A crossbow bolt misses you.
 You are hit by a crossbow bolt.
 You kill the grid bug!
 You start digging.
 You hit the rock with all your might.
 You are hit by a crossbow bolt.
 You stop digging.
 The gnome lord shoots 2 arrows!
 You are hit by the 1st arrow.
 You are hit by the 2nd arrow.
 The gnome lord's candle's flame flickers low!
 You start digging.
 You hit the rock with all your might.
 You stop digging.
 You are hit by an arrow.
 You start digging downward.
 The gnome lord picks up an arrow.
 You stop digging.
 You hit the gnome lord.
 The gnome lord swings his bow.
 The gnome lord hits!
 You miss the gnome lord.
 The gnome lord swings his bow.
 The gnome lord hits!
 The gnome lord swings his bow.
 The gnome lord hits!
 You miss the gnome lord.
 You hit the gnome lord.
 The gnome lord swings his bow.
 The gnome lord misses!
 You hit the gnome lord!
 The gnome lord swings his bow.
 The gnome lord misses!
 The gnome lord swings his bow.
 The gnome lord hits!
 You die...
 Do you want your possessions identified? [ynq] (y) y
 Do you want to see your attributes? [ynq] (y) q

Inventory:
 Coins    ('$')
  $ - 112 gold pieces
 Weapons  (')')
  j - 11 +0 darts
  o - a +0 dagger
  p - a +0 knife
  t - a cursed -3 aklys
  a - a +2 bullwhip (alternate weapon; not wielded)
  A - a +0 long sword
  x - a +0 halberd
 Armor    ('[')
  k - an uncursed +0 cornuthaum
  B - an uncursed +0 pair of iron shoes (being worn)
  v - a cursed +0 pair of low boots
  C - a cursed +0 dwarvish mithril-coat (being worn)
 Comestibles  ('%')
  u - an uncursed banana
  d - 2 uncursed food rations
  l - 2 cursed rotten tins of fox meat
 Scrolls  ('?')
  i - an uncursed scroll of blank paper
 Potions  ('!')
  w - a cursed potion of confusion
  y - an uncursed potion of hallucination
 Tools    ('(')
  s - an uncursed sack containing 1 item
  n - an uncursed mirror
  e - a +0 pick-axe (weapon in right hand)
  f - a tinning kit (0:74)
 Gems/Stones  ('*')
  h - 2 uncursed garnet stones
  g - an uncursed touchstone

Contents of the sack:
  28 gold pieces

DiePARTEI the Archeologist's attributes:

Background:
 You were a Field Worker, a level 3 female human Archeologist.
 You were lawful, on a mission for Quetzalcoatl
 who was opposed by Camaxtli (neutral) and Huhetotl (chaotic).
 You were right-handed.
 You were in the Gnomish Mines, on level 4.
 You entered the dungeon 1582 turns ago.
 You had 62 experience points, 18 more were needed to attain level 4.

Basics:
 You had 0 out of 30 hit points.
 You had all 16 energy points (spell power).
 Your armor class was 2.
 Your wallet contained 112 zorkmids, and
 you had 28 more stashed away in your pack.
 Autopickup was off.

Final Characteristics:
 Your strength was 12 (limit:18/100).
 Your dexterity was 10 (limit:18).
 Your constitution was 16 (limit:18).
 Your intelligence was 14 (limit:18).
 Your wisdom was 16 (limit:18).
 Your charisma was 8 (limit:18).

Final Status:
 You weren't hungry.
 You were burdened; movement was slightly slowed.
 You were wielding a pick-axe.
 You had basic skill with pick-axe.

Final Attributes:
 You were devoutly aligned.
 You had automatic searching.
 You were guarded.
 You are dead.

Miscellaneous:
 You didn't encounter any bones levels.
 Total elapsed playing time was 12 minutes and 21 seconds.

Major events:
 Turn
    1: DiePARTEI the lawful female human Archeologist entered the dungeon
 1058: entered the Gnomish Mines
 1108: attained the rank of Field Worker (level 3)
 1582: killed by a gnome lord

You didn't know any spells.

Skills:
 Fighting Skills
   bare handed combat [Unskilled]
   two weapon combat  [Unskilled]
   riding             [Unskilled]
 Weapon Skills
   dagger             [Unskilled]
   knife              [Unskilled]
   pick-axe           [Basic]
   short sword        [Unskilled]
   saber              [Unskilled]
   club               [Unskilled]
   quarterstaff       [Unskilled]
   sling              [Unskilled]
   dart               [Unskilled]
   boomerang          [Unskilled]
   whip               [Basic]
   unicorn horn       [Unskilled]
 Spellcasting Skills
   attack spells      [Unskilled]
   healing spells     [Unskilled]
   divination spells  [Unskilled]
   matter spells      [Unskilled]

Voluntary challenges:
 Character rerolling was not enabled.
 You were illiterate.
 You never genocided any monsters.
 You never polymorphed an object.
 You never changed form.
 You used no wishes.
Achievements:
 You entered the Gnomish Mines.
 You attained the rank of Field Worker.

 The Dungeons of Doom: levels 1 to 3
    Level 1:
       A fountain.
    Level 2:
       A fountain.
       Stairs down to The Gnomish Mines.
    Level 3:
 The Gnomish Mines: levels 3 to 4
    Level 3:
    Level 4: <- You were here.
       Final resting place for
          you, killed by a gnome lord.


Vanquished creatures:
  a wood nymph
  a shrieker
  a gnome leader
  a gnomish wizard
  a little dog
  2 kittens
  a dwarf
  a homunculus
  2 manes
 10 gnomes
  2 gnome zombies
  a gecko
  4 jackals
  3 foxes
  2 kobolds
  2 goblins
  2 sewer rats
  4 grid bugs
  4 lichens
  2 kobold zombies
  3 newts
50 creatures vanquished.

No species were genocided or became extinct.

Game over:
                       ----------
                      /          \
                     /    REST    \
                    /      IN      \
                   /     PEACE      \
                  /                  \
                  |    DiePARTEI     |
                  |      140 Au      |
                  |   killed by a    |
                  |    gnome lord    |
                  |                  |
                  |                  |
                  |       2026       |
                 *|     *  *  *      | *
        _________)/\\_//(\/(/\)/\//\/|_)_______

Goodbye DiePARTEI the Archeologist...

You died in The Gnomish Mines on dungeon level 4 with 534 points,
and 140 pieces of gold, after 1582 moves.
You were level 3 with a maximum of 30 hit points when you died.

